 Dungeon Crawl Stone Soup version 0.31-a0-182-gc5ef74bbde (webtiles) character file.

Game seed: 17950763522935401800

66 promet the Magician (level 3, 0/30 HPs)
             Began as a Deep Elf Hedge Wizard on June 20, 2023.
             Was an Initiate of Gozag.
             Slain by Ijyb
             ... wielding a +4 dagger of venom
              (4 damage)
             ... while paralysed by Ijyb
             ... on level 3 of the Dungeon on June 21, 2023.
             The game lasted 00:17:20 (3426 turns).

promet the Magician (Deep Elf Hedge Wizard)         Turns: 3426, Time: 00:17:22

Health: 0/30       AC:  7    Str:  9    XL:     3   Next: 96%
Magic:  12/12      EV:  2    Int: 18    God:    Gozag
Gold:   118        SH:  0    Dex: 14    Spells: 7/13 levels left

rFire   . . .        a - +0 dagger
rCold   . . .        (no shield)
rNeg    . . .        o - +0 acid dragon scales
rPois   .            c - +1 hat
rElec   .            (no cloak)
rCorr   +            (no gloves)
SInv    .            (no boots)
Will    .....        h - amulet of magic regeneration Stlth
                     (no ring)
HPRegen 0.25/turn    (no ring)
MPRegen 0.53/turn

%: no passive effects
@: paralysed, berserking (expiring), lethally poisoned (0 -> -20)
A: no striking features
a: Renounce Religion, Potion Petition, Call Merchant, Bribe Branch


You were on level 3 of the Dungeon.
You worshipped Gozag.
Gozag was aware of your devotion.
You visited 1 branch of the dungeon, and saw 3 of its levels.

You collected 118 gold pieces.

Inventory:

Hand Weapons
 a - a +0 dagger (weapon)
 b - a +0 heavy sling
 q - a +0 spear
Missiles
 e - 5 poisoned darts
 g - 6 javelins (quivered)
 k - 46 stones
Armour
 c - a +1 hat (worn)
 f - a +0 leather armour
 n - a +0 robe
 o - +0 acid dragon scales (worn)
Jewellery
 h - an amulet of magic regeneration (around neck)
Scrolls
 m - a scroll of teleportation
 p - a scroll of fear {unknown}
Potions
 d - a potion of magic
 i - a potion of enlightenment {unknown}
 j - a potion of attraction
 l - a potion of might {unknown}


   Skills:
 * Level 1.0 Fighting
 + Level 0.4 Ranged Weapons
 + Level 0.1 Throwing
 + Level 2.6 Dodging
 + Level 2.9 Stealth
 + Level 5.6 Spellcasting
 + Level 1.4 Conjurations
 + Level 1.3 Summonings
 + Level 1.1 Translocations


You had 7 spell levels left.
You knew the following spells:

 Your Spells              Type           Power      Damage    Failure   Level
a - Magic Dart            Conj           40%        1d5       12%         1
b - Blink                 Tloc           18%        N/A       21%         2
c - Call Imp              Summ           20%        N/A       19%         2
d - Slow                  Hex            20%        N/A       22%         1

Your spell library contained the following spells:

 Spells                   Type           Power      Damage    Failure   Level
 Cigotuvi's Dreadful Rot  Necr/Pois/Air  10%        N/A       32%         2
 Mephitic Cloud           Conj/Pois/Air  6%         N/A       45%         3


Dungeon Overview and Level Annotations

Branches:
Dungeon (3/15)

Altars:
Gozag

Shops:
D:2 =

Annotations:
D:3 Ijyb


Message History

Aim: Ijyb, wielding a +4 dagger of venom, wearing a +0 leather armour and carrying a wand of paralysis (1) (moderately wounded, ally target, 45% to hit)
You shoot a sling bullet. The sling bullet closely misses Ijyb.
Your cerulean imp hits Ijyb with a -3 spear.
Your cerulean imp hits Ijyb but does no damage.
Your magical contamination has completely faded away.
Fire: b) +0 sling (heavy)
Press: ? - help, Q - select action, (/) - cycle Shift-Dir - straight line, f/p - Ijyb
Aim: Ijyb, wielding a +4 dagger of venom, wearing a +0 leather armour and carrying a wand of paralysis (1) (moderately wounded, ally target, 45% to hit)
You shoot a sling bullet. The sling bullet barely misses Ijyb.
Your cerulean imp closely misses Ijyb.
Ijyb hits you with a +4 dagger of venom.
You are poisoned.
It was a potion of berserk rage.
A red film seems to cover your vision as you go berserk!
You feel yourself moving faster!
You feel mighty!
You feel sick.
Your cerulean imp hits Ijyb but does no damage.
Ijyb hits you but does no damage.
You are more poisoned.
a - a +0 dagger (weapon)
You feel a strong urge to attack something.
You feel sick.
Your cerulean imp barely misses Ijyb.
You closely miss Ijyb.
Ijyb is moderately wounded.
You feel sick.
Ijyb zaps a wand.
You suddenly lose the ability to move!
The now-empty wand crumbles to dust.
You feel very sick.
Your cerulean imp closely misses Ijyb.
Ijyb hits you with a +4 dagger of venom.
You are lethally poisoned!
You feel very sick.
Your cerulean imp hits Ijyb from afar with a -3 spear.
Ijyb hits you with a +4 dagger of venom.
You are more poisoned.
* * * LOW HITPOINT WARNING * * *
You feel very sick.
Your cerulean imp hits Ijyb but does no damage.
Ijyb screams, "You nasty!
Big nasty!"
Ijyb hits you with a +4 dagger of venom.
You die...
Your body crumbles into a pile of gold.

##########
......$..
######$.......
#.....@g.5....
###
#............. $
...#####.#.......
#.## #.#.......
#...###.#.......
#...#.#.......
#....<#.##+##
#.....#.##.#
#...#......#


You could see Ijyb (ally target) and a friendly cerulean imp (summoned).

Vanquished Creatures
  A gnoll (D:1)
  An adder (D:3)
  A worm (D:2)
  3 bats
  An endoplasm (D:2)
  A giant cockroach (D:1)
  A goblin (D:1)
  3 hobgoblins
  A jackal (D:2)
  2 quokkas (D:1)
  6 ball pythons
  2 frilled lizards
  A kobold (D:1)
  2 rats (D:1)
26 creatures vanquished.

Vanquished Creatures (collateral kills)
  A ball python (D:2)
  An endoplasm (D:1)
  2 giant cockroaches
  3 goblins
  A hobgoblin (D:1)
  2 jackals (D:2)
  A quokka (D:1)
  3 kobolds (D:1)
  A rat (D:2)
15 creatures vanquished.

Grand Total: 41 creatures vanquished

Notes
Turn   | Place    | Note
-------+----------+-------------------------------------------
     0 | D:1      | promet the Deep Elf Hedge Wizard began the quest for the
                  | Orb.
     0 | D:1      | Reached XP level 1. HP: 10/10 MP: 7/7
   362 | D:1      | Reached XP level 2. HP: 15/15 MP: 2/9
   453 | D:1      | Learned a level 2 spell: Blink
   456 | D:1      | Learned a level 2 spell: Call Imp
   458 | D:1      | Learned a level 1 spell: Slow
   599 | D:1      | Reached skill level 5 in Spellcasting
  1010 | D:1      | Reached XP level 3. HP: 20/20 MP: 11/11
  1728 | D:2      | Found a faded altar of an unknown god.
  2033 | D:2      | Prayed at the altar of an unknown god.
  2033 | D:2      | Became a worshipper of Gozag Ym Sagoz the Greedy
  2621 | D:2      | Found Osiev's Jewellery Emporium.
  3308 | D:3      | Reached skill level 1 in Fighting
  3407 | D:3      | Noticed Ijyb
  3423 | D:3      | Paralysed by Ijyb for 3 turns
  3426 | D:3      | Slain by Ijyb

Illustrated notes

Levels and vault maps discovered:
D:1:      dpeg_arrival_renting, layout_basic, minmay_tripent
D:2:      layout_loops_corners, shapermc_ecumenical_altar_mp_highgroup,
          serial_shops, shop
D:3:      due_chaos_kobolds, layout_basic, uniq_ijyb

Skill      XL: |  1  2  3 |
---------------+----------+-----
Spellcasting   | 5 |  5.6
Fighting       | 1 |  1.0
Ranged Weapons | |  0.4
Throwing       | |  0.1
Dodging        | |  2.6
Stealth        | |  2.9
Conjurations   | |  1.4
Summonings     | |  1.3
Translocations | |  1.1

Action                     || total
---------------------------++-------
  Melee: Dagger            ||    32
   Fire: Sling             ||    14
  Throw: Dart              ||     2
         Javelin           ||     2
   Cast: Magic Dart        ||    76
         Call Imp          ||    15
         Blink             ||     3
    Use: Scroll            ||     8
         Potion            ||     1
   Stab: Sleeping          ||     1
 Armour: Robe              ||    26
         Acid dragon scale ||     5
  Dodge: Dodged            ||    50

Table legend: (Time is in decaauts)
 A = Elapsed time spent in this place.
 B = Non-inter-level travel time spent in this place.
 C = Inter-level travel time spent in this place.
 D = Time resting spent in this place.
 E = Time spent auto-exploring this place.
 F = Levels seen in this place.
 G = Mean time per level.
                   A        B        C        D        E       F      G
               +--------+--------+--------+--------+--------+-----+--------+
         Total |   3438 |   3382 |     56 |   1416 |    444 |   3 | 1146.0 |
       Dungeon |   3438 |   3382 |     56 |   1416 |    444 |   3 | 1146.0 |
               +--------+--------+--------+--------+--------+-----+--------+

Top non-repeatable levels by time:
     D:1: 1704 daAuts
     D:2: 1610 daAuts
     D:3: 123 daAuts
